Description

pewpew

Replay - TvP Fast BCs

Build Order

Get SALT Encoding   

  12  0:01  SCV  
  13  0:13  SCV  
  14  0:18  Supply Depot  
  14  0:25  SCV  
  14  0:28  Refinery  
  15  0:39  SCV  
  16  0:45  Barracks  
  16  0:51  SCV  
  17  1:04  SCV  
  18  1:16  SCV  
  19  1:31  Orbital Command  
  19  1:32  Reaper  
  20  1:49  Command Center  
  20  2:00  SCV  
  21  2:04  Factory  
  21  2:08  Refinery  
  21  2:13  SCV  
  22  2:16  Barracks Reactor  
  22  2:21  Supply Depot  
  22  2:25  SCV  
  25  2:59  Cyclone x2  
  25  3:02  Orbital Command  
  33  3:22  Supply Depot  
  38  3:34  Cyclone x2  
  44  3:56  Command Center  
  45  4:06  Supply Depot  
  45  4:09  Cyclone x2  
  53  4:18  Barracks Tech Lab  
  53  4:22  Refinery x2  
  55  4:33  Supply Depot  
  56  4:44  Armory  
  59  4:54  Marine x2  
  59  4:55  Siege Tank  
  66  5:08  Orbital Command  
  66  5:14  Marine x2  
  75  5:28  Siege Tank  
  75  5:31  Factory x2  
  75  5:33  Marine x2  
  77  5:36  Orbital Command  
  79  5:47  Terran Vehicle And Ship Armor Level 1  
  79  5:55  Refinery x2  
  81  5:57  Bunker  
  83  6:15  Factory Tech Lab  
  85  6:31  Siege Tank  
  85  6:32  Hellion x2  
  94  6:39  Siege Tank  
  98  6:41  Smart Servos  
  98  6:42  Infernal Pre-Igniter  
  103  7:04  Starport x3  
  103  7:05  Engineering Bay  
  107  7:25  Siege Tank x2  
  107  7:26  Hellion x2  
  120  7:40  Command Center  
  120  7:44  Missile Turret x2  
  120  7:47  Starport Tech Lab x3  
  120  7:49  Fusion Core  
  120  7:51  Terran Vehicle And Ship Armor Level 2  
  120  7:57  Missile Turret x3, Liberator x3  
  120  8:12  Missile Turret  
  120  8:16  Siege Tank x2  
  120  8:18  Missile Turret  
  135  8:57  Battlecruiser x2  
  135  8:58  Hellion x4  
  135  9:02  Refinery x2  
  147  9:14  Battlecruiser  
  147  9:15  Weapon Refit  
  155  9:20  Planetary Fortress  
  155  9:23  Hellion x2  
  166  9:34  Sensor Tower  
  166  9:37  Missile Turret  
  168  9:46  Command Center  
Spawning Tool Build Advisor. Get it on Overwolf

Go to:

Details

  • Created by: Terradin
  • Published on: Feb 27, 2018
  • Modified on: Mar 10, 2018
  • Patch: 4.0.0
Show
View Real Time Build Order
Export as new Build Order

Comments (0)

There are no comments. Be the first!

Create an account to comment!